 Dungeon Crawl Stone Soup version 0.19-a0-1170-g18f0c96 (webtiles) character file.

53860 mistymad the Brawler (level 14, -14/143 HPs)
             Began as a Troll Earth Elementalist on Aug 16, 2016.
             Killed from afar by a wizard (59 damage)
             ... with a crystal spear
             ... on level 13 of the Dungeon.
             The game lasted 01:23:12 (20960 turns).

mistymad the Brawler (Troll Earth Elementalist)    Turns: 20960, Time: 01:23:13

Health: -14/143    AC: 12    Str: 19    XL:     14   Next: 32%
Magic:  19/23      EV:  9    Int: 15    God:
Gold:   1544       SH:  0    Dex: 10    Spells: 5 memorised, 8 levels left

rFire  . . .     SeeInvis +       - Unarmed
rCold  + . .     Gourm    +     H - +0 troll leather armour
rNeg   . . .     Faith    .     (no shield)
rPois  .         Spirit   .     Q - +2 hat
rElec  .         Dismiss  .     S - +2 cloak
rCorr  .         Reflect  .     (gloves unavailable)
MR     ++...     Harm     .     (boots unavailable)
Stlth  +......... Rnd*Rage +    z - amulet of regeneration
                                w - ring of see invisible
                                v - ring of protection from magic

@: about to teleport
A: unfitting armour, claws 3, berserk 1, cold resistance 1, fast metabolism 3,
gourmand, high mp 1, sense surroundings 1, regeneration 2, screaming 1, shaggy
fur 1, tough skin 2, no device heal 1, MP-powered wands
a: no special abilities


You were on level 13 of the Dungeon.
You were very full.

You visited 3 branches of the dungeon, and saw 20 of its levels.
You also visited: Ossuary.

You collected 1544 gold pieces.

Inventory:

Hand Weapons
 O - a +0 giant spiked club
Missiles
 n - 13 javelins
 D - 3 large rocks (quivered)
Armour
 c - a +1 robe
 H - a +0 troll leather armour (worn)
 Q - a +2 hat (worn)
 S - a +2 cloak (worn)
 W - a +0 shield
Jewellery
 m - the ring "Zarph" {MP+9 Str+7 Int-5 Dex+3}
   (You took it off a red devil on level 6 of the Lair of Beasts)

   [ring of magical power]

   It affects your strength (+7).
   It affects your intelligence (-5).
   It affects your dexterity (+3).
   It affects your magic capacity (+9).
 v - a ring of protection from magic (left claw)
 w - a ring of see invisible (right claw)
 z - an amulet of regeneration (around neck)
 F - a +6 ring of dexterity
 V - an uncursed ring of poison resistance
 Y - an uncursed ring of protection from fire
Wands
 b - a wand of polymorph (6/24)
 e - a wand of confusion (14/48)
 x - a wand of paralysis (0/24)
 J - a wand of paralysis (15/24)
 R - a wand of teleportation (4/9)
 U - a wand of disintegration (8/24)
 Z - a wand of digging (13/24)
Scrolls
 h - 2 scrolls of recharging
 y - 2 scrolls of remove curse
 A - a scroll of immolation
 B - 4 scrolls of magic mapping
 C - a scroll of fear
 I - 7 scrolls of identify
 K - 4 scrolls of amnesia
 L - a scroll of fog
 M - 3 scrolls of summoning
 N - a scroll of silence
 P - 2 scrolls of blinking
Potions
 a - a potion of flight
 g - a potion of cancellation {unknown}
 i - a potion of berserk rage
 j - 7 potions of haste
 k - 4 potions of beneficial mutation
 l - 2 potions of brilliance
 o - 3 potions of agility
 q - 5 potions of might
 s - a potion of invisibility
 G - 6 potions of curing
Miscellaneous
 T - a phantom mirror
Comestibles
 d - 19 bread rations
 f - 15 meat rations
 p - 5 beef jerkies
 r - 4 royal jellies
 t - 3 slices of pizza
 E - 5 fruits
 X - 3 chunks of flesh


   Skills:
 - Level 10.1 Fighting
 - Level 1.5 Dodging
 - Level 1.1 Stealth
 + Level 0.5 Shields
 + Level 15.7 Unarmed Combat
 - Level 5.2 Spellcasting
 + Level 6.1 Transmutations
 - Level 1.9 Air Magic
 + Level 9.6 Earth Magic


You had 8 spell levels left.
You knew the following spells:

 Your Spells              Type           Power        Failure   Level  Hunger
a - Lee's Rapid Deconstr  Erth           ####......   12%         5    ######.
b - Passwall              Tmut/Erth      ####......   1%          2    ##.....
c - Blink                 Tloc           N/A          34%         2    ##.....
d - Repel Missiles        Chrm/Air       #.....       21%         2    ##.....
e - Petrify               Tmut/Erth      ####....     10%         4    ####...


Dungeon Overview and Level Annotations

Branches:
Dungeon (13/15)            Temple (1/1) D:5            Lair (6/6) D:8
  Swamp (0/4) Lair:3        Snake (0/4) Lair:2        Slime (0/5) Lair:6
    Orc (0/2) D:11
 Vaults: D:13-14

Altars:
Ashenzari
Cheibriados
Dithmenos
Elyvilon
Fedhas
Gozag
Hepliaklqana
Kikubaaqudgha
Makhleb
Nemelex Xobeh
Okawaru
Pakellas
Qazlal
Ru
Sif Muna
Trog
Uskayaw
Vehumet
Xom
Yredelemnul
Zin
The Shining One
Jiyva
Lugonu

Shops:
D:5 =

Portals:
Hell: Lair:6
Trove: D:13 (give +3 shadow dragon armour)

Annotations:
D:10 exclusion: obsidian statue
Lair:5 exclusion: hydra, Shenda's ghost, journeyman MfGl
Lair:6 1 runed door


Innate Abilities, Weirdness & Mutations

You are too large for most types of armour.
You have claws for hands.
Your metabolism is lightning-fast.
You like to eat raw meat.
You heal very quickly.
You are covered in fur. (AC +1)
You have very tough skin. (AC +2)
You tend to lose your temper in combat.
Your flesh is cold resistant. (rC+)
You have an increased reservoir of magic. (+10% MP)
You passively map a small area around you.
You occasionally shout uncontrollably at your foes.
Potions and wands are less effective at restoring your health.
You expend magic power (3 MP) to strengthen your wands.


Message History

The bolt barely misses you.
Sorry, you're not good enough to have a special ability.
Casting: Repel Missiles
Confirm with . or Enter, or press ? or * to list all spells.
Okay, then.
Casting: Repel Missiles
Confirm with . or Enter, or press ? or * to list all spells.
You blink.
You regained 2 hp, and now have 43/143 hp.
You now have 21/23 mp.
Unknown command.
Casting: Blink
Confirm with . or Enter, or press ? or * to list all spells.
You blink.
You feel sick.
You are no longer poisoned.
You now have 19/23 mp.
Unknown command.
The wizard casts a spell at you. The crystal spear hits you!
You die...

...............................#
...............................#
.########.............#..#######
.# #.....)........≈≈#### * .#
#.............≈≈≈#... .#####
#............≈≈≈≈....+ ,
.....................≈≈≈≈p.., ,
.......########......≈≈≈≈###*
....... #.@....≈≈≈≈# .......
#...p...≈≈≈#####. , .......
#...(..((..'..... .....[.
#...(.p.(..'...#
.......########..§.......'.....
............).........≈≈≈#####.,
#..##########...####.≈≈≈≈# * ,
#..# #...# #.≈≈≈≈# , #..# #...#
#.≈≈≈≈p. ,


You could see 2 wizards.

Vanquished Creatures
  Kirke (Lair:6)
  2 dire elephants (Lair:6)
  Erolcha (D:10)
  A vault guard (D:13)
  An ogre mage (D:13)
  The ghost of 4thArraOfDagon the Brawler, a journeyman TrAr of Sif Muna (D:12)
  3 hydras
  3 death yaks (Lair:4)
  Nergalle (Lair:2)
  A fire crab (Lair:5)
  2 unseen horrors
  4 hill giants
  A wizard (Lair:6)
  An ugly thing (D:12)
  2 griffons
  2 deep elf magi (D:12)
  An elephant (Lair:6)
  Joseph (D:8)
  3 black mambas
  A torpor snail (Lair:2)
  3 gargoyles
  2 orange demons (Lair:6)
  10 spiny frogs
  2 rime drakes (Lair:6)
  4 kobold demonologists (D:11)
  5 komodo dragons
  5 ice devils (Lair:6)
  A hellwing (Lair:6)
  2 red devils (Lair:6)
  4 two-headed ogres
  A troll (D:12)
  A merfolk (D:10)
  6 slime creatures
  4 blink frogs
  41 yaks
  A wyvern (Lair:6)
  A spriggan (D:10)
  A shadow (D:13)
  2 hogs (Lair:6)
  3 wraiths
  A basilisk (Lair:6)
  A basilisk (shapeshifter) (D:10)
  10 hippogriffs
  2 hungry ghosts
  4 vampire mosquitoes (D:13)
  4 nagas (Lair:2)
  12 water moccasins
  10 porcupines
  2 ice beasts (D:9)
  5 orc warriors
  2 wasps (D:11)
  5 sky beasts
  2 black bears
  3 phantoms (D:9)
  6 ogres
  An eye of draining (D:10)
  2 necrophages
  10 wolves
  16 centaurs
  9 crocodiles
  4 big kobolds (D:11)
  3 elf zombies (Ossuary)
  16 giant frogs
  A wyvern zombie (D:11)
  A wyvern skeleton (D:9)
  9 scorpions
  3 killer bees (D:9)
  9 howler monkeys
  8 wights
  5 electric eels
  3 crimson imps
  3 giant frog zombies
  2 centaur zombies
  2 human zombies (Ossuary)
  6 hounds
  2 orc priests
  16 orc wizards
  2 jellies
  A gnoll shaman (D:6)
  4 iguanas
  3 giant frog skeletons
  8 worker ants
  39 sheep
  A big kobold zombie (Ossuary)
  A hound zombie (D:10)
  2 hound skeletons
  2 worker ant zombies
  2 mummies (Ossuary)
  5 gnolls (D:6)
  2 howler monkey skeletons (D:4)
  11 adders
  33 river rats
  3 shadow imps
  An adder skeleton (D:4)
  A worm (D:3)
  11 dart slugs (D:3)
  10 giant geckos
  32 orcs
  A ball python (D:1)
  7 giant cockroaches
  7 goblins
  5 hobgoblins
  4 jackals (D:3)
  2 quokkas
  5 bats
  A giant gecko skeleton (D:5)
  A giant gecko zombie (D:5)
  9 giant newts
  2 goblin zombies (Ossuary)
  7 hobgoblin zombies (Ossuary)
  17 kobolds
  13 kobold zombies (Ossuary)
  7 orc zombies (Ossuary)
  11 rats
  A plant (D:2)
606 creatures vanquished.

Vanquished Creatures (others)
  A human (Lair:6)
  10 fungi
  10 plants
21 creatures vanquished.

Grand Total: 627 creatures vanquished

Notes
Turn   | Place    | Note
-------+----------+-------------------------------------------
     0 | D:1      | mistymad the Troll Earth Elementalist began the quest for the Orb.
     0 | D:1      | Reached XP level 1. HP: 16/16 MP: 1/1
    68 | D:1      | Reached skill level 1 in Unarmed Combat
   181 | D:1      | Reached XP level 2. HP: 9/24 MP: 2/2
   237 | D:1      | Reached skill level 2 in Unarmed Combat
   587 | D:2      | Reached XP level 3. HP: 28/31 MP: 3/3
   622 | D:2      | Reached skill level 3 in Unarmed Combat
   698 | D:2      | Found a faded altar of an unknown god.
   868 | D:2      | Found a glowing golden altar of the Shining One.
  1182 | D:3      | Reached XP level 4. HP: 39/39 MP: 4/4
  1313 | D:3      | Reached skill level 4 in Unarmed Combat
  1557 | D:3      | Reached XP level 5. HP: 31/45 MP: 5/5
  1705 | D:3      | Reached skill level 5 in Unarmed Combat
  1954 | D:4      | Found a sand-covered staircase.
  1959 | Ossuary  | Entered an ossuary
  2147 | Ossuary  | Reached skill level 6 in Unarmed Combat
  2147 | Ossuary  | Reached XP level 6. HP: 43/53 MP: 6/6
  2232 | Ossuary  | Reached skill level 7 in Unarmed Combat
  2266 | Ossuary  | Reached XP level 7. HP: 37/59 MP: 7/7
  2630 | D:4      | Reached skill level 8 in Unarmed Combat
  2798 | D:4      | Learned a level 2 spell: Passwall
  2802 | D:5      | Entered Level 5 of the Dungeon
  2803 | D:5      | Found Zokhloghu's Jewellery Shoppe.
  2893 | D:5      | Found a white marble altar of Elyvilon.
  2922 | D:5      | Noticed a dagger
  2922 | D:5      | Noticed a hand axe
  2925 | D:5      | Found a hide-covered altar of Uskayaw.
  2951 | D:5      | Found an opulent altar of Gozag.
  2989 | D:5      | Found a blossoming altar of Fedhas.
  3186 | D:5      | Found a hazy altar of Hepliaklqana.
  3597 | D:5      | Found a staircase to the Ecumenical Temple.
  3707 | Temple   | Entered the Ecumenical Temple
  3831 | D:6      | Found an ancient bone altar of Kikubaaqudgha.
  3842 | D:6      | Learned a level 2 spell: Blink
  3845 | D:6      | Learned a level 2 spell: Repel Missiles
  3860 | D:6      | Gained mutation: You evolve. [potion of mutation]
  3860 | D:6      | Gained mutation: You occasionally shout uncontrollably at your foes. [potion of mutation]
  3909 | D:6      | Reached skill level 1 in Fighting
  3916 | D:6      | Gained mutation: You have an increased reservoir of magic. (+10% MP) [mutagenic meat]
  3919 | D:6      | Gained mutation: Scrolls take you a little longer to read. [mutagenic meat]
  3925 | D:6      | Gained mutation: You have large cloven feet. [mutagenic meat]
  3944 | D:6      | Reached skill level 9 in Unarmed Combat
  3944 | D:6      | Reached XP level 8. HP: 62/70 MP: 9/9
  4239 | D:6      | Gained mutation: Your flesh is cold resistant. (rC+) [mutagenic meat]
  4242 | D:6      | Gained mutation: You are weak. (Str -2) [mutagenic meat]
  4365 | D:6      | Found a glowing silver altar of Zin.
  4377 | D:6      | Found a burning altar of Makhleb.
  4412 | D:6      | Noticed an angel
  4413 | D:6      | Noticed an Executioner
  4639 | D:6      | Reached skill level 10 in Unarmed Combat
  4716 | D:6      | Found a radiant altar of Vehumet.
  4721 | D:6      | Found an iron altar of Okawaru.
  4723 | D:6      | Gained mutation: You are covered in thick fur. (AC +2) [evolution]
  4879 | D:7      | Found a burning altar of Makhleb.
  4927 | D:7      | Reached XP level 9. HP: 85/85 MP: 10/10
  5295 | D:7      | Reached skill level 5 in Fighting
  5364 | D:7      | Found an opulent altar of Gozag.
  5367 | D:7      | Found a shimmering altar of Xom.
  5370 | D:7      | Found a stormy altar of Qazlal.
  5391 | D:7      | Gained mutation: You have a considerably increased reservoir of magic. (+20% MP) [evolution]
  5713 | D:8      | Found a staircase to the Lair.
  5873 | D:8      | Reached skill level 11 in Unarmed Combat
  5978 | D:8      | Identified Kocway's Tome of the Burning Rocks
  5989 | D:8      | Noticed Joseph
  6054 | D:8      | Killed Joseph
  6225 | D:8      | Found an oddly glowing altar of Pakellas.
  6489 | Lair:1   | Entered Level 1 of the Lair of Beasts
  6555 | D:9      | Reached XP level 10. HP: 97/98 MP: 16/16
  6571 | D:9      | Found a shattered altar of Ashenzari.
  6709 | D:9      | Gained mutation: Your body sometimes deteriorates upon taking damage. [mutagenic meat]
  6715 | D:9      | Lost mutation: Your body sometimes deteriorates upon taking damage. [mutagenic meat]
  6718 | D:9      | Lost mutation: Scrolls take you a little longer to read. [mutagenic meat]
  6721 | D:9      | Lost mutation: You are covered in thick fur. (AC +2) [mutagenic meat]
  6859 | D:9      | Noticed a gargoyle
  6865 | D:9      | Killed a gargoyle
  7040 | D:9      | HP: 4/100 [killer bee (6)]
  7573 | D:10     | Entered Level 10 of the Dungeon
  7573 | D:10     | Noticed Erolcha
  7701 | Lair:1   | Reached skill level 12 in Unarmed Combat
  7869 | Lair:1   | Lost mutation: You are weak. (Str -2) [potion of mutation]
  8163 | Lair:1   | Reached XP level 11. HP: 70/109 MP: 20/20
  8253 | Lair:1   | Lost mutation: You have large cloven feet. [evolution]
  8363 | Lair:1   | Got a shimmering rapier
  8364 | Lair:1   | Identified the +9 rapier of the Thirsty Hells {flame, MR+ Str+2 Dex+2} (You found it on level 1 of the Lair of Beasts)
  8391 | Lair:2   | Noticed Nergalle
  8408 | Lair:2   | Noticed a spectral orc warlord
  8410 | Lair:2   | Killed Nergalle
  8533 | Lair:2   | Found a staircase to the Snake Pit.
  8688 | Lair:2   | Reached skill level 5 in Spellcasting
  8780 | Lair:2   | Noticed an eight-headed hydra
  9482 | Lair:3   | Reached skill level 1 in Air Magic
  9533 | Lair:3   | Reached skill level 13 in Unarmed Combat
  9643 | Lair:3   | Noticed a griffon
  9644 | Lair:3   | Noticed a six-headed hydra
  9787 | Lair:3   | Found a glowing golden altar of the Shining One.
  9798 | Lair:3   | Found a staircase to the Swamp.
  9817 | Lair:3   | Noticed a five-headed hydra
  9832 | Lair:3   | Killed a five-headed hydra
 10410 | Lair:4   | Reached XP level 12. HP: 104/123 MP: 22/22
 10755 | Lair:4   | Gained mutation: Potions and wands are less effective at restoring your health. [potion of mutation]
 10755 | Lair:4   | Gained mutation: You are weak. (Str -2) [potion of mutation]
 10937 | Lair:4   | Noticed a death yak
 10938 | Lair:4   | Noticed a death yak
 10939 | Lair:4   | Noticed a death yak
 10957 | Lair:4   | Killed a death yak
 10997 | Lair:4   | Killed a death yak
 11144 | Lair:4   | Killed a death yak
 11144 | Lair:4   | Reached skill level 5 in Earth Magic
 11773 | Lair:5   | Noticed Shenda's ghost (journeyman MfGl)
 12072 | Lair:5   | Noticed a four-headed hydra
 12119 | Lair:5   | Reached skill level 14 in Unarmed Combat
 12136 | Lair:5   | Reached skill level 10 in Fighting
 12234 | Lair:6   | Entered Level 6 of the Lair of Beasts
 12234 | Lair:6   | Found a runed door.
 12237 | Lair:6   | Found a viscous altar of Jiyva.
 12663 | Lair:6   | Reached skill level 1 in Transmutations
 12768 | Lair:6   | Lost mutation: You are weak. (Str -2) [evolution]
 12817 | Lair:6   | Found a staircase to the Slime Pits.
 12817 | Lair:6   | Noticed an acid blob
 12817 | Lair:6   | Noticed an acid blob
 12907 | Lair:6   | Noticed an eight-headed hydra
 12922 | Lair:6   | Killed an eight-headed hydra
 13211 | Lair:6   | Reached XP level 13. HP: 61/133 MP: 24/24
 13408 | Lair:6   | Noticed Kirke
 13448 | Lair:6   | Killed Kirke
 13785 | Lair:6   | Noticed a dire elephant
 13945 | Lair:6   | Killed a dire elephant
 14226 | Lair:6   | Noticed a dire elephant
 14745 | Lair:6   | Found a burning altar of Makhleb.
 15311 | Lair:4   | Gained mutation: You expend magic power (3 MP) to strengthen your wands. [evolution]
 15311 | Lair:4   | Lost mutation: You evolve. [end of evolution]
 15824 | Lair:6   | Killed a dire elephant
 15969 | Lair:6   | Got an ancient tin ring
 16018 | Lair:5   | Reached skill level 15 in Unarmed Combat
 16055 | Lair:5   | Identified the ring "Zarph" {MP+9 Str+7 Int-5 Dex+3} (You took it off a red devil on level 6 of the Lair of Beasts)
 16199 | Lair:6   | Found a gateway to Hell.
 16817 | D:10     | Lost mutation: You have a considerably increased reservoir of magic. (+20% MP) [mutagenic meat]
 16820 | D:10     | Gained mutation: You passively map a small area around you. [mutagenic meat]
 16950 | D:10     | murphy: what are u wearing on your head?
 16976 | D:10     | mistymad: hat +2
 16976 | D:10     | mistymad: nit archmagi
 16980 | D:10     | mistymad: not *
 16980 | D:10     | mistymad: but seems like artifact hat))
 17006 | D:10     | Killed Erolcha
 17075 | D:10     | You fall through a shaft for 3 floors!
 17443 | D:13     | Reached skill level 5 in Transmutations
 17749 | D:13     | Found a portal to a secret trove of treasure.
 17752 | D:13     | mistymad: hm. no difficult
 17752 | D:13     | mistymad: +3 sda
 18178 | Lair:1   | Learned a level 5 spell: Lee's Rapid Deconstruction
 18183 | Lair:1   | Learned a level 4 spell: Petrify
 18600 | D:11     | Reached XP level 14. HP: 125/143 MP: 23/23
 18631 | D:11     | Found a staircase to the Orcish Mines.
 19505 | D:12     | Noticed 4thArraOfDagon's ghost (journeyman TrAr)
 19855 | D:12     | Gained mutation: You tend to lose your temper in combat. [mutagenic meat]
 20422 | D:12     | Killed 4thArraOfDagon's ghost
 20960 | D:13     | Killed from afar by a wizard

Vault maps used:
D:1:      minmay_arrival_solitary_statue, minmay_rat_gold_closets
D:2:      tso_metal_star, ecumenical_altar_1, lexackson_kobold_supper
D:3:      kennysheep_slugbush, first_bread, minmay_box_of_dots
D:4:      enter_ossuary_5, nrook_loot_triangle
D:5:      kennysheep_mini, lemuel_coloured_pillars_altar,
          dancing_weapons_uskayaw, elyvilon_altar_4, serial_shops, shop,
          grunt_gozag_statues
D:6:      grunt_temple_overflow_order_and_chaos_2, lemuel_crystal_altar,
          gammafunk_temple_overflow_wave
D:7:      grunt_temple_overflow_diamond, basic_altar
D:8:      grunt_pakellas_basics, lair_0_dummy, uniq_joseph
D:9:      kennysheep_blocky_room, nicolae_overflow_crystal_walls
D:10:     hangedman_stone_soup, minmay_statue_bubble, uniq_erolcha
D:11:     orc_0_dummy, nicolae_zen_rock_garden
D:12:     minmay_distorted_concentric_squares, disabler_island
D:13:     grunt_vaults_entry_fortified, trove_entry_hex_spiral
Temple:   corrupted_temple
Lair:1:   infiniplex_staircase_pool_2
Lair:2:   minmay_snake_entry_guardpost_small, guppyfry_lair_drakes,
          uniq_nergalle
Lair:3:   swamp_mist_pool, basic_altar, grunt_megastairs_1, serial_bayou_shore_b
Lair:4:   grunt_megastairs_5
Lair:6:   evil_forest, slime_altar_2, uniq_kirke
Ossuary:  ossuary_tomb_1

Skill      XL: |  1  2  3  4  5  6  7  8  9 10 11 12 13 14 |
---------------+-------------------------------------------+-----
Unarmed Combat | 1 2 3 4 6 7 9 10 11 12 13 14 15 | 15.7
Fighting       | 1 4 6 7 9 10 | 10.1
Spellcasting   | 3 4 5 |  5.2
Air Magic      | 1 |  1.9
Earth Magic    | 3 6 9 |  9.6
Transmutations | 2 5 6 |  6.1
Dodging        | |  1.5
Stealth        | |  1.1
Shields        | |  0.5

Action                   |  1- 3 |  4- 6 |  7- 9 | 10-12 | 13-15 || total
-------------------------+-------+-------+-------+-------+-------++-------
Melee: Unarmed           |   124 |   225 |   349 |   832 |   656 ||  2186
       Punch             |       |     5 |    10 |    58 |    48 ||   121
       Kick              |       |       |    49 |    51 |       ||   100
Throw: Stone             |       |       |     9 |       |       ||     9
       Large rock        |       |       |       |     4 |    10 ||    14
       Javelin           |       |       |       |       |     3 ||     3
 Cast: Repel Missiles    |       |       |     2 |       |     4 ||     6
       Lee's Rapid Decon |       |       |       |       |     2 ||     2
       Blink             |       |       |       |       |     2 ||     2
Evoke: Wand              |       |       |     5 |       |    16 ||    21
  Use: Scroll            |       |       |    26 |     4 |    11 ||    41
       Potion            |       |       |     1 |     6 |     5 ||    12
 Stab: Sleeping          |     2 |       |     1 |     4 |       ||     7
       Distracted        |       |       |     1 |       |     1 ||     2
       Paralysed         |       |       |       |       |     4 ||     4
  Eat: Chunk             |    16 |     9 |    49 |    68 |    82 ||   224
       Fruit             |       |       |       |       |     2 ||     2
Armor: Robe              |    41 |    74 |    89 |   209 |   182 ||   595
       Skin              |       |       |       |    36 |    33 ||    69
       Troll leather arm |       |       |       |       |    10 ||    10
Dodge: Dodged            |    47 |   106 |   137 |   290 |   264 ||   844
       Deflected         |       |       |     4 |       |     8 ||    12
